 Dungeon Crawl Stone Soup version 0.32-a0-85-g672eff3212 (webtiles) character file.

Game seed: 6586578465156012292

4330 SnaplasherVine the Slicer (level 10, -19/53 HPs)
             Began as a Vine Stalker Berserker on Feb 5, 2024.
             Was an Elder of Trog.
             Demolished by a komodo dragon (23 damage)
             ... on level 9 of the Dungeon.
             The game lasted 00:13:36 (8219 turns).

SnaplasherVine the Slicer (Vine Stalker Berserker)  Turns: 8219, Time: 00:13:37

Health: -19/53     AC: 13    Str: 23    XL:     10   Next: 33%
Magic:  0/20       EV:  8    Int:  7    God:    Trog [****..]
Gold:   393        SH:  0    Dex: 15    Spells: 9/9 levels left

rFire   + . .        v - +1 short sword (venom)
rCold   . . .        (no shield)
rNeg    . . .        g - +0 plate armour {rF+}
rPois   .            i - +2 helmet
rElec   .            (no cloak)
rCorr   +            (no gloves)
SInv    .            (no boots)
Will    +++..        (no amulet) Stlth
                     R - ring of resist corrosion
HPRegen 2.08/turn    W - ring of magical power
MPRegen 0.17/turn

%: guardian spirit
@: strong-willed, on berserk cooldown, regenerating, slowed, very slow
A: fangs 3, regeneration 1, magic shield, antimagic bite, no potion heal 2
a: Renounce Religion, Berserk, Trog's Hand, Brothers in Arms


You were on level 9 of the Dungeon.
You worshipped Trog.
Trog was greatly pleased with you.
You visited 2 branches of the dungeon, and saw 10 of its levels.

You collected 393 gold pieces.

Inventory:

Hand Weapons
 a - a +0 short sword
 d - a +0 rapier
 s - a +0 short sword of speed
 v - a +1 short sword of venom (weapon)
Missiles
 t - 2 curare-tipped darts {=f}
 u - 2 throwing nets {=f!f}
Armour
 g - a +0 plate armour of fire resistance (worn)
 i - a +2 helmet (worn)
 m - a +0 troll leather armour {Pargi}
 x - the +0 leather armour of the Iron City of Dis {Dex+4}
   (You found it on level 6 of the Dungeon)

   Dex+4:     It affects your dexterity (+4).
 A - a +1 pair of gloves of infusion
 C - a +2 cloak
Jewellery
 P - a ring of poison resistance
 R - a ring of resist corrosion (left hand)
 W - a ring of magical power (right hand)
Wands
 n - a wand of flame (34)
 w - a wand of mindburst (15)
 B - a wand of paralysis (2)
 G - a wand of roots (3)
Scrolls
 c - a scroll of enchant weapon {unknown}
 e - 4 scrolls of vulnerability {unknown}
 h - 3 scrolls of identify {unknown}
 k - a scroll of amnesia {unknown}
 l - 2 scrolls of teleportation {unknown}
 o - 3 scrolls of fear {unknown}
 p - 2 scrolls of immolation {unknown}
 r - a scroll of enchant armour {unknown}
 y - a scroll of revelation {unknown}
 z - a scroll of poison {unknown}
 E - 2 scrolls of noise {unknown}
 H - a scroll of fog {unknown}
Potions
 b - 2 potions of lignification {unknown}
 f - 3 potions of curing {unknown}
 j - 3 potions of degeneration {unknown}
 q - 2 potions of enlightenment {unknown}
 D - a potion of might {unknown}
 F - a potion of ambrosia {unknown}


   Skills:
 + Level 6.7 Fighting
 * Level 9.0 Short Blades
 - Level 1.5 Armour
 + Level 5.7 Dodging
 + Level 5.8 Shields


You had 9 spell levels left.
You didn't know any spells.
Your spell library contained the following spells:

 Spells                   Type           Power      Damage    Failure   Level
 Fugue of the Fallen      Necr           0%         N/A       100%        3
 Ozocubu's Armour         Ice            0%         N/A       100%        3
 Manifold Assault         Tloc           0%         N/A       100%        4


Dungeon Overview and Level Annotations

Branches:
Dungeon (9/15)             Temple (1/1) D:4            Lair (0/5) D:9
    Orc: D:9-12

Altars:
Ashenzari
Cheibriados
Elyvilon
Fedhas
Gozag
Hepliaklqana
Kikubaaqudgha
Nemelex Xobeh
Okawaru
Qazlal
Ru
Trog
Vehumet
Wu Jian
Xom
Yredelemnul
Zin
The Shining One

Shops:
D:9 (

Annotations:
D:7 1 exclusion


Innate Abilities, Weirdness & Mutations

You have razor-sharp teeth.
Your natural rate of healing is unusually fast.
When hurt, damage is shared between your health and your magic reserves.
Your bite disrupts and absorbs the magic of your enemies.
Potions cannot restore your health.


Message History

You are too injured to fight recklessly!
You are too injured to fight recklessly!
You are too injured to fight recklessly!
You are too injured to fight recklessly!
You are too injured to fight recklessly!
You are too injured to fight recklessly!
You are too injured to fight recklessly!
You are too injured to fight recklessly!
You are too injured to fight recklessly!
You are too injured to fight recklessly!
You hit the komodo dragon.
You bite the komodo dragon, but do no damage.
Unknown command.
Aiming: Mindburst
Press: ? - help, Q - select action, (/) - cycle Shift-Dir - straight line, f - komodo dragon
Aim: a komodo dragon (lightly wounded, very poisoned, chance to affect: 47%)
Okay, then.
Aiming: Paralyse
Press: ? - help, Q - select action, (/) - cycle Shift-Dir - straight line, f - komodo dragon
Aim: a komodo dragon (lightly wounded, very poisoned, chance to affect: 31%)
The komodo dragon easily resists.
The komodo dragon closely misses you.
Your skin crawls.
You feel strong-willed. The komodo dragon bites you!!
* * * LOW HITPOINT WARNING * * *
Unknown command.
A red film seems to cover your vision as you go berserk!
You feel yourself moving faster!
You feel mighty! The komodo dragon bites you!
* * * LOW HITPOINT WARNING * * *
Unknown command.
You hit the komodo dragon but do no damage.
You punch the komodo dragon. The komodo dragon bites you!!
* * * LOW HITPOINT WARNING * * *
Unknown command.
You feel a strong urge to attack something.
There is an open door here.
You feel your anger nearly subside.
You are no longer berserk.
You are exhausted.
You feel yourself slow down.
There is an open door here.
Aiming: Paralyse
Press: ? - help, Q - select action, (/) - cycle Shift-Dir - straight line, f/p - komodo dragon
Aim: a komodo dragon (moderately wounded, very poisoned, chance to affect: 31%)
The komodo dragon easily resists.
The komodo dragon attacks as it pursues you!
The komodo dragon bites you!
* * * LOW HITPOINT WARNING * * *
The komodo dragon bites you!!
You die...

# #.....# #....PPP# #
##'#### ##....P## #.#
##...## #.# ####+.##
#.### #....## #...#
###'##### ########.##
#.......# #.......).#
####......[#
.......)..###.@l.......#
#.......).))..##.......#
#.........######.......#
#.........# #.......#
#.........# #.......#
#.........# #.......#
####.###### ####+#### #.
#


You could see a komodo dragon (poisoned).

Vanquished Creatures
  Maurice (D:7)
  A hornet (D:8)
  Sigmund (D:3)
  A wraith (D:9)
  5 yaks (D:9)
  A steam dragon (D:8)
  A water moccasin (D:7)
  A sky beast (D:6)
  Pargi (D:3)
  A black bear (D:7)
  An orc warrior (D:6)
  2 ogres (D:5)
  4 centaurs
  2 kobold brigands
  6 bullfrogs
  A scorpion (D:6)
  4 wights (D:8)
  4 howler monkeys
  A jelly (D:5)
  3 orc priests
  3 iguanas
  2 sleepcaps (D:6)
  Natasha (thrice) (D:2)
  6 orc wizards
  Robin (D:3)
  4 adders
  A white imp (D:8)
  4 ribbon worms
  26 orcs
  5 ball pythons
  5 endoplasms
  A giant cockroach (D:2)
  14 goblins
  12 hobgoblins
  7 jackals
  A quokka (D:3)
  7 bats
  6 frilled lizards
  34 kobolds
  7 rats
191 creatures vanquished.

Vanquished Creatures (others)
  An endoplasm (D:3)
1 creature vanquished.

Grand Total: 192 creatures vanquished

Notes
Turn   | Place    | Note
-------+----------+-------------------------------------------
     0 | D:1      | SnaplasherVine the Vine Stalker Berserker began the quest
                  | for the Orb.
     0 | D:1      | Reached XP level 1. HP: 11/11 MP: 2/2
   331 | D:1      | Reached XP level 2. HP: 16/16 MP: 3/3
   336 | D:1      | Found a faded altar of an unknown god.
   403 | D:1      | Reached skill level 3 in Short Blades
   811 | D:2      | Noticed Natasha
   817 | D:2      | Killed Natasha
   818 | D:2      | Reached skill level 3 in Fighting
   818 | D:2      | Reached skill level 1 in Shields
   818 | D:2      | Reached XP level 3. HP: 20/20 MP: 1/4
   910 | D:2      | Noticed Natasha
   920 | D:2      | Killed Natasha
   921 | D:2      | Reached XP level 4. HP: 24/24 MP: 5/5
  1162 | D:2      | Noticed Natasha
  1168 | D:2      | Killed Natasha
  1429 | D:3      | Noticed Sigmund
  1441 | D:3      | Killed Sigmund
  1442 | D:3      | Reached skill level 4 in Short Blades
  1442 | D:3      | Reached XP level 5. HP: 28/28 MP: 4/6
  1442 | D:3      | Reached XP level 6. HP: 32/32 MP: 4/7
  1505 | D:3      | Found a hazy altar of Hepliaklqana.
  1519 | D:3      | Noticed Robin
  1537 | D:3      | Killed Robin
  1542 | D:3      | Reached ** piety under Trog
  1944 | D:3      | Noticed Pargi
  1960 | D:3      | Killed Pargi
  2149 | D:3      | Reached XP level 7. HP: 37/37 MP: 8/8
  2613 | D:4      | Reached skill level 3 in Dodging
  2863 | D:4      | Found a staircase to the Ecumenical Temple.
  3235 | Temple   | Entered the Ecumenical Temple
  3261 | D:5      | Entered Level 5 of the Dungeon
  3283 | D:5      | Found a glowing silver altar of Zin.
  3308 | D:5      | Reached skill level 5 in Short Blades
  3436 | D:5      | Reached skill level 3 in Shields
  3665 | D:5      | Reached *** piety under Trog
  3666 | D:5      | Gained mutation: You have razor-sharp teeth. [Vine Stalker
                  | growth]
  3666 | D:5      | Reached XP level 8. HP: 42/42 MP: 9/9
  4226 | D:5      | Reached skill level 6 in Short Blades
  4562 | D:6      | Reached **** piety under Trog
  4726 | D:6      | Identified the +0 leather armour of the Iron City of Dis
                  | {Dex+4}
  4813 | D:6      | Found a basalt altar of Yredelemnul.
  5083 | D:7      | Found a snail-covered altar of Cheibriados.
  5255 | D:7      | Reached XP level 9. HP: 36/47 MP: 8/10
  5477 | D:7      | Reached skill level 7 in Short Blades
  5563 | D:7      | Noticed a moth of wrath
  5567 | D:7      | Found a bloodstained altar of Trog.
  5627 | D:7      | Noticed Maurice
  6429 | D:7      | Found a bloodstained altar of Trog.
  6448 | D:7      | Something stole a ring of poison resistance
  6453 | D:7      | Something stole 277 gold
  6456 | D:7      | Something stole a +0 short sword of speed
  6473 | D:7      | Killed Maurice
  6646 | D:7      | Found a snail-covered altar of Cheibriados.
  7229 | D:8      | Noticed a hornet
  7238 | D:8      | Killed a hornet
  7302 | D:8      | Reached skill level 6 in Fighting
  7362 | D:8      | Reached skill level 8 in Short Blades
  7978 | D:9      | Found a white marble altar of Elyvilon.
  8007 | D:9      | Reached XP level 10. HP: 46/53 MP: 11/11
  8046 | D:9      | Found Huroumi's Weapon Shoppe.
  8161 | D:9      | Reached skill level 9 in Short Blades
  8191 | D:9      | Found a staircase to the Lair.
  8219 | D:9      | Demolished by a komodo dragon

Illustrated notes

Levels and vault maps discovered:
D:1:      shiori_shiawase, layout_loops_cross,
          ebering_ecumenical_altar_abandoned
D:2:      layout_basic, minmay_pentomino_z2, uniq_natasha
D:3:      layout_loops_corners, nicolae_hepliaklqana_hazy_memory,
          lexackson_kobold_supper, uniq_sigmund, uniq_robin, uniq_pargi
D:4:      layout_layer_cave, minmay_temple_entry_antechambers
D:5:      kennysheep_kobold_camp, layout_basic,
          mainiacjoe_overflow_surrounded_room
D:6:      layout_loops_ring, lemuel_doored_altar
D:7:      layout_loops_corners, tgw_trog, cheibriados_altar_1, uniq_maurice
D:8:      layout_basic, grunt_ministairs_8
D:9:      layout_roguey, nicolae_dithmenos_through_a_glass_darkly,
          mainiacjoe_overflow_big_doors, bloody_makhleb, david_lair_shrubbed,
          david_orc_3, serial_shops, shop
Temple:   minmay_temple_forest_path

Skill      XL: |  1  2  3  4  5  6  7  8  9 10 |
---------------+-------------------------------+-----
Short Blades   | 3 4 5 6 8 9 |  9.0
Fighting       | 3 4 5 6 |  6.7
Dodging        | 2 3 4 5 |  5.7
Shields        | 1 2 3 4 5 |  5.8
Armour         | |  1.5

Action                     |  1- 3 |  4- 6 |  7- 9 | 10-12 || total
---------------------------+-------+-------+-------+-------++-------
  Melee: Rapier            |    39 |   141 |   116 |       ||   296
         Short sword       |     5 |       |   362 |    88 ||   455
         Bite              |    13 |    39 |   174 |    40 ||   266
         Punch             |       |     8 |    37 |    10 ||    55
 Invoke: Berserk           |     1 |     2 |     1 |     1 ||     5
         Trog's Hand       |       |       |     1 |     2 ||     3
  Evoke: Wand              |       |       |     3 |     2 ||     5
   Stab: Sleeping          |       |     1 |       |       ||     1
 Armour: Animal skin       |    16 |     5 |       |       ||    21
         Plate armour      |       |   117 |   300 |    59 ||   476
  Dodge: Dodged            |    34 |    54 |   128 |    28 ||   244

Table legend: (Time is in decaauts)
 A = Elapsed time spent in this place.
 B = Non-inter-level travel time spent in this place.
 C = Inter-level travel time spent in this place.
 D = Time resting spent in this place.
 E = Time spent auto-exploring this place.
 F = Levels seen in this place.
 G = Mean time per level.
                   A        B        C        D        E       F      G
               +--------+--------+--------+--------+--------+-----+--------+
         Total |   8064 |   7399 |    665 |    294 |   5879 |  10 |  806.4 |
       Dungeon |   8062 |   7397 |    665 |    294 |   5879 |   9 |  895.8 |
        Temple |      1 |      1 |      0 |      0 |      0 |   1 |    1.0 |
               +--------+--------+--------+--------+--------+-----+--------+

Top non-repeatable levels by time:
     D:7: 2270 daAuts
     D:4: 1020 daAuts
     D:3: 882 daAuts
     D:5: 856 daAuts
     D:1: 743 daAuts
     D:8: 728 daAuts
     D:2: 693 daAuts
     D:6: 637 daAuts
     D:9: 230 daAuts
  Temple: 1 daAuts
